 Dungeon Crawl Stone Soup version 0.29.0-15-g675c0067aa (webtiles) character file.

Game seed: 18253436734202556990

0 qw the Sneak (level 1, -5/14 HPs)
             Began as a Gargoyle Delver on Sept 11, 2022.
             Slain by an iguana (9 damage)
             ... on level 4 of the Dungeon.
             The game lasted 00:00:01 (25 turns).

qw the Sneak (Gargoyle Delver)                        Turns: 25, Time: 00:00:01

Health: -5/14      AC:  5    Str: 15    XL:     1   Next: 10%
Magic:  1/1        EV: 11    Int: 10    God:
Gold:   0          SH:  0    Dex: 11    Spells: 0/0 levels left

rFire   . . .      SeeInvis .   a - +0 hand axe
rCold   . . .      Faith    .   (no shield)
rNeg    + . .      Spirit   .   b - +0 leather armour
rPois   inf        Reflect  .   (no helmet)
rElec   +          Harm     .   (no cloak)
rCorr   .          Rampage  .   (no gloves)
Will    .....                   (no boots)
Stlth   +++.......              (no amulet)
HPRegen 0.04/turn               (no ring)
MPRegen 0.07/turn               (no ring)

@: no status effects
A: sickness immunity, AC +2, negative energy resistance 1, electricity
resistance, torment resistance 1, petrification resistance
a: no special abilities


You were on level 4 of the Dungeon.
You visited 1 branch of the dungeon, and saw 2 of its levels.


Innate Abilities, Weirdness & Mutations

You are immune to sickness and miasma.
Your stone body is resilient. (AC +2)
You are immune to poison.
You resist negative energy. (rN+)
You are resistant to electric shocks. (rElec)
You are resistant to unholy torment.
You are immune to petrification.


   Skills:
 - Level 3.2 Fighting
 + Level 1.8 Axes
 - Level 1.5 Dodging
 - Level 5.4 Stealth


You couldn't memorise any spells.
You didn't know any spells.
Your spell library was empty.

Inventory:

Hand Weapons
 a - a +0 hand axe (weapon)
Armour
 b - a +0 leather armour (worn)
Wands
 g - a wand of digging (3)
Potions
 f - a potion of haste

Dungeon Overview and Level Annotations

Branches:
Dungeon (5/15)
 Temple: D:4-7

Altars:


Message History

Existing waypoints: (2) D:5 Assign waypoint to what number? (0-9, D - delete waypoint) Waypoint 1 assigned to D:4.
Enter note:
17 ||| PLANNING OSSUARY The adder hisses angrily.
The iguana hisses angrily.
The adder bites you but does no damage.
You miss the adder. The adder bites you but does no damage.
You barely miss the adder.
You hit the giant cockroach but do no damage.
The adder bites you but does no damage.
The giant cockroach bites you but does no damage.
The adder bites you.
You hit the adder.
The adder is lightly wounded.
You hit the giant cockroach. You hit the ball python.
You kill the ball python!
The giant cockroach closely misses you. The adder closely misses you.
You barely miss the giant cockroach.
The giant cockroach is moderately wounded.
You hit the iguana but do no damage. You miss the adder.
The giant cockroach misses you. The adder bites you but does no damage.
The iguana barely misses you. The giant cockroach barely misses you.
The adder misses you.
You closely miss the giant cockroach.
The giant cockroach is moderately wounded.
You hit the iguana. You hit the adder. The iguana completely misses you.
The giant cockroach bites you but does no damage.
The adder barely misses you. The iguana bites you.
You barely miss the adder.
The adder is heavily wounded.
You hit the giant cockroach. You closely miss the iguana. The adder bites you.
The giant cockroach barely misses you. The adder bites you but does no damage.
The giant cockroach barely misses you. The iguana bites you!
Ouch! That really hurt!
You die...

########
#......#
#......###
#........
#......#
#...%..#####
#@.......
#.....SBl.##...
#............
..........#.<..
#.........# ###
..........#
#.........#
#.........#


You could see an iguana, an adder and a giant cockroach.

Vanquished Creatures
  A ball python (D:4)
1 creature vanquished.

Notes
Turn   | Place    | Note
-------+----------+-------------------------------------------
     0 | D:5      | qw the Gargoyle Delver began the quest for the Orb.
     0 | D:5      | Reached XP level 1. HP: 14/14 MP: 1/1
     0 | D:5      | 0 ||| qw: Version: 0.1-a-117-gfe26ee0
     0 | D:5      | 0 ||| qw: Game counter: 9919
     0 | D:5      | 0 ||| qw: Always use a shield: true
     0 | D:5      | 0 ||| qw: God list: Okawaru
     0 | D:5      | 0 ||| qw: Allow faded altars: false
     0 | D:5      | 0 ||| qw: Do Orc after D:15 true
     0 | D:5      | 0 ||| qw: Do second Lair branch before Depths: true
     0 | D:5      | 0 ||| qw: Lair rune preference: random
     0 | D:5      | 0 ||| qw: Plans: Normal
     0 | D:5      | 0 ||| PLANNING D:1-11
     4 | D:5      | 4 ||| DROPPING scroll of fog.
     5 | D:5      | 5 ||| DROPPING scroll of magic mapping.
     6 | D:5      | 6 ||| DROPPING scroll of fear.
    16 | D:4      | Noticed an iguana
    17 | D:4      | 17 ||| PLANNING OSSUARY
    25 | D:4      | Slain by an iguana

Levels and vault maps discovered:
D:4:      layout_basic, gup_ossuary_entry_pyramid, serial_glass,
          glass_columns_a, glass_columns_b, gammafunk_ghost_mausoleum
D:5:      minmay_recursive_quarters, layout_cave_pools,
          minmay_temple_entry_statues_fountains, chequers_serial_rivers_micro_c,
          minmay_shop_damaged, minivault_23, uniq_eustachio

Action                   || total
-------------------------++-------
Melee: Hand axe          ||     6
Armor: Leather armour    ||     7
Dodge: Dodged            ||    10

Table legend:
 A = Non-vault XP
 B = Vault XP
 C = Vault XP percentage of total XP
 D = Non-vault monster count
 E = Vault monster count
 F = Vault count percentage of total count
                 A         B        C        D         E       F
            +---------+---------+-------+---------+---------+-------
      Total |       1 |       0 |   0.0 |       1 |       0 |   0.0
            +---------+---------+-------+---------+---------+-------
        D:4 |       1 |       0 |   0.0 |       1 |       0 |   0.0
            +---------+---------+-------+---------+---------+-------
